 Dungeon Crawl Stone Soup version 0.22-a0-224-g8cf3520 (webtiles) character file.

4634 galech the Grappler (level 10, -7/104 HPs)
             Began as a Troll Monk on Feb 19, 2018.
             Was a High Priest of Okawaru.
             Mangled by a wolf (8 damage)
             ... led by Grum
             ... on level 8 of the Dungeon.
             The game lasted 00:09:59 (6372 turns).

galech the Grappler (Troll Monk)                    Turns: 6372, Time: 00:10:00

Health: -7/104     AC:  5    Str: 24    XL:     10   Next: 20%
Magic:  8/9        EV: 13    Int:  6    God:    Okawaru [*****.]
Gold:   346        SH:  0    Dex: 12    Spells: 9/9 levels left

rFire    . . .     SeeInvis +     - Unarmed
rCold    . . .     Gourm    +   (no shield)
rNeg     . . .     Faith    .   a - +0 robe
rPois    .         Spirit   .   D - +0 hat
rElec    .         Reflect  .   x - scarf {cloud immunity}
rCorr    .         Harm     .   (gloves unavailable)
MR       .....                  (boots unavailable)
Stlth    +++.......             (no amulet)
HPRegen  0.67/turn              f - ring of see invisible
MPRegen  0.11/turn              n - ring of stealth

@: no status effects
A: large, unfitting armour, claws 3, fast metabolism 3, gourmand, regeneration
1, shaggy fur 1, tough skin 2
a: Heroism, Finesse, Renounce Religion


You were on level 8 of the Dungeon.
You worshipped Okawaru.
Okawaru was extremely pleased with you.
You were completely stuffed.

You visited 2 branches of the dungeon, and saw 9 of its levels.
You also visited: Ossuary.

You collected 346 gold pieces.

Inventory:

Armour
 a - a +0 robe (worn)
 x - a scarf of cloud immunity (worn)
 D - a +0 hat (worn)
Jewellery
 f - a ring of see invisible (left claw)
 n - a ring of stealth (right claw)
 y - a +5 ring of intelligence
Wands
 j - a wand of flame (105)
 A - a wand of random effects (28)
 H - a wand of acid (11)
 I - a wand of digging (7)
Scrolls
 d - a scroll of blinking {unknown}
 g - 4 scrolls of identify {unknown}
 h - 2 scrolls of noise {unknown}
 i - 6 scrolls of magic mapping {unknown}
 o - 2 scrolls of fear {unknown}
 q - 5 scrolls of immolation {unknown}
 t - 6 scrolls of teleportation {unknown}
 v - a scroll of enchant weapon {unknown}
 w - 4 scrolls of remove curse {unknown}
 B - 2 scrolls of enchant armour {unknown}
 C - 3 scrolls of fog {unknown}
 E - a scroll of acquirement {unknown}
 F - a scroll of amnesia {unknown}
Potions
 c - 7 potions of heal wounds {unknown}
 e - a potion of agility {unknown}
 k - a potion of invisibility {unknown}
 l - 3 potions of lignification {unknown}
 m - 3 potions of degeneration {unknown}
 p - a potion of curing {unknown}
 r - a potion of haste
 s - a potion of mutation {unknown}
 u - 2 potions of brilliance {unknown}
 z - 5 potions of flight {unknown}
Comestibles
 b - 14 rations
 G - 2 chunks of flesh


   Skills:
 + Level 7.6 Fighting
 + Level 7.6 Dodging
 - Level 1.2 Stealth
 + Level 9.2 Unarmed Combat


You had 9 spell levels left.
You didn't know any spells.

Dungeon Overview and Level Annotations

Branches:
Dungeon (8/15)             Temple (1/1) D:4
   Lair: D:8-11

Altars:
Cheibriados
Dithmenos
Elyvilon
Gozag
Makhleb
Nemelex Xobeh
Okawaru
Ru
Trog
Uskayaw
Vehumet
Yredelemnul
Zin
The Shining One

Shops:
D:4 }*=*   D:7 *

Annotations:
D:5 2 transporters
D:8 Grum


Innate Abilities, Weirdness & Mutations

You are too large for most types of armour.
You have claws for hands.
Your metabolism is lightning-fast.
You like to eat raw meat.
Your natural rate of healing is unusually fast.
You are covered in fur. (AC +1)
You have very tough skin. (AC +2)


Message History

You claw the wolf!
The wolf is heavily wounded.
The wolf barely misses you. The wolf bites you.
* * * LOW HITPOINT WARNING * * *
You scratch the wolf but do no damage.
The wolf is heavily wounded.
The wolf barely misses you.
You scratch the wolf.
The wolf is almost dead.
The wolf closely misses you. The wolf bites you!
* * * LOW HITPOINT WARNING * * *
You barely miss the wolf.
The wolf is almost dead.
The wolf bites you.
* * * LOW HITPOINT WARNING * * *
Grum hits you but does no damage.
You barely miss the wolf.
The wolf is almost dead.
The wolf bites you!
You die...

#.####### #.#.#.#.# #...#
#.......# #.#.....### #.....
##...###.# #.........# #......
#........####...#...#.##.......
..#...................['.......
#........####.......#)##.......
##......# ##.hgh.g()# #......
#......# ###h###### #.....
#####.## #@# #...# #.# #.# #'##
#.# #.# .# #.# #.# # #.# ...
#.# #.# #######.# #.# ........#
#.. #########


You could see Grum and 3 wolves.

Vanquished Creatures
  A two-headed ogre (D:7)
  The ghost of Gorglomux the Cleaver, a novice MiCK of Okawaru (D:8)
  A hippogriff (D:8)
  Sigmund (D:2)
  Menkaure (D:6)
  A water moccasin (D:6)
  An orc warrior (D:7)
  An ice beast (D:5)
  2 phantoms (D:4)
  A sky beast (D:7)
  An ogre (D:4)
  A wolf (D:8)
  4 centaurs
  5 bullfrogs
  2 wyvern skeletons
  4 scorpions
  4 killer bees (D:7)
  2 howler monkeys
  2 crimson imps
  3 orc priests
  2 jellies
  A bullfrog skeleton (D:8)
  3 hounds
  A gnoll shaman (D:4)
  2 iguanas (D:5)
  3 orc wizards (D:6)
  4 worker ants
  A big kobold zombie (Ossuary)
  4 mummies (Ossuary)
  2 hound zombies (Ossuary)
  A hound skeleton (D:5)
  Robin (D:4)
  3 worker ant zombies
  14 gnolls
  5 adders
  2 shadow imps
  An ooze (D:4)
  2 worms
  3 dart slugs
  4 leopard geckos
  25 orcs
  5 giant cockroaches
  9 goblins
  15 hobgoblins
  6 jackals
  6 kobolds
  A quokka (D:3)
  9 bats
  7 frilled lizards
  A gnoll zombie (Ossuary)
  A goblin zombie (Ossuary)
  A hobgoblin zombie (Ossuary)
  2 kobold zombies (Ossuary)
  4 orc zombies (Ossuary)
  A quokka skeleton (D:4)
  7 rats
  A spectral orc (D:2)
199 creatures vanquished.

Notes
Turn   | Place    | Note
-------+----------+-------------------------------------------
     0 | D:1      | galech the Troll Monk began the quest for the Orb.
     0 | D:1      | Reached XP level 1. HP: 22/22 MP: 0/0
    86 | D:1      | Reached XP level 2. HP: 26/29 MP: 1/1
   569 | D:2      | Reached XP level 3. HP: 36/36 MP: 2/2
   766 | D:2      | Found a shadowy altar of Dithmenos.
   855 | D:2      | Reached XP level 4. HP: 44/44 MP: 3/3
  1064 | D:2      | Noticed Sigmund
  1069 | D:2      | Killed Sigmund
  1069 | D:2      | Reached skill level 4 in Unarmed Combat
  1069 | D:2      | Reached XP level 5. HP: 48/53 MP: 4/4
  1305 | D:2      | Found a basalt altar of Yredelemnul.
  1389 | D:3      | Found a burning altar of Makhleb.
  1409 | D:2      | Reached XP level 6. HP: 12/61 MP: 5/5
  1990 | D:4      | Found a staircase to the Ecumenical Temple.
  1998 | Temple   | Entered the Ecumenical Temple
  2069 | Temple   | Became a worshipper of Warmaster Okawaru
  2069 | Temple   | Reached * piety under Okawaru
  2069 | Temple   | Reached ** piety under Okawaru
  2150 | D:4      | Found Syav's Assorted Antiques.
  2231 | D:4      | Reached skill level 5 in Unarmed Combat
  2254 | D:3      | Reached XP level 7. HP: 19/70 MP: 6/6
  2580 | D:4      | Noticed Robin
  2598 | D:4      | Killed Robin
  2732 | D:4      | Found Hasain's Gadget Boutique.
  2735 | D:4      | Found Bettaseapi's Jewellery Emporium.
  2765 | D:4      | Found Etuel's Assorted Antiques.
  2853 | D:4      | Found a hide-covered altar of Uskayaw.
  2853 | D:4      | Found a burning altar of Makhleb.
  2897 | D:4      | Reached skill level 6 in Unarmed Combat
  3097 | D:5      | Entered Level 5 of the Dungeon
  3120 | D:5      | Found a sand-covered staircase.
  3125 | Ossuary  | Entered an ossuary
  3238 | Ossuary  | Reached skill level 5 in Dodging
  3284 | Ossuary  | Reached XP level 8. HP: 58/79 MP: 7/7
  3387 | D:5      | Reached skill level 5 in Fighting
  3441 | D:5      | Reached *** piety under Okawaru
  3827 | D:5      | Found a transporter.
  4081 | D:5      | Found a transporter.
  4404 | D:6      | Reached skill level 7 in Unarmed Combat
  4574 | D:6      | Noticed Menkaure
  4581 | D:6      | Killed Menkaure
  4777 | D:6      | Reached **** piety under Okawaru
  4931 | D:6      | Reached XP level 9. HP: 87/89 MP: 8/8
  5252 | D:7      | Found Gozag's Platinum Reserve.
  5300 | D:7      | Found an opulent altar of Gozag.
  5531 | D:7      | Noticed a two-headed ogre
  5542 | D:7      | Killed a two-headed ogre
  5542 | D:7      | Reached ***** piety under Okawaru
  5542 | D:7      | Received a gift from Okawaru
  5542 | D:7      | Reached skill level 8 in Unarmed Combat
  5907 | D:8      | Noticed Gorglomux's ghost (novice MiCK)
  5940 | D:8      | Killed Gorglomux's ghost
  5940 | D:8      | Reached skill level 9 in Unarmed Combat
  5940 | D:8      | Reached XP level 10. HP: 73/102 MP: 7/9
  6343 | D:8      | Noticed Grum
  6370 | D:8      | HP: 3/104 [wolf[Grum] (7)]
  6371 | D:8      | HP: 1/104 [wolf[Grum] (3)]
  6372 | D:8      | Mangled by a wolf

Vault maps used:
D:1:      roderic_dead_forest
D:2:      yredelemnul_forgotten_temple_becter, lemuel_round_altar, uniq_sigmund
D:3:      makhleb_heckhound_becter
D:4:      chequers_temple_overflow_statue_of_worship,
          minmay_temple_entry_glassed_door, serial_shops,
          nicolae_shop_overgrown_old_shop, shop, kennysheep_mini_moat,
          nicolae_shop_statue_plus, uniq_robin
D:5:      gammafunk_cloud_chamber, first_ration,
          nicolae_ossuary_entry_false_entrances
D:6:      uniq_menkaure
D:7:      nicolae_gozag_zags_fifth_avenue
D:8:      uniq_grum
Temple:   dpeg_five_rooms_temple
Ossuary:  ossuary_minmay_tomb_2a

Skill      XL: |  1  2  3  4  5  6  7  8  9 |
---------------+----------------------------+-----
Dodging        | 3 4 5 6 7 |  7.6
Fighting       | 3 4 6 7 |  7.6
Unarmed Combat | 4 5 6 7 9 |  9.2
Stealth        | |  1.2

Action                   |  1- 3 |  4- 6 |  7- 9 | 10-12 || total
-------------------------+-------+-------+-------+-------++-------
Melee: Unarmed           |    65 |   105 |   355 |    44 ||   569
       Punch             |       |     2 |    16 |     2 ||    20
Invok: Heroism           |       |       |     3 |     1 ||     4
 Stab: Sleeping          |     5 |     1 |    12 |     1 ||    19
  Eat: Chunk             |    13 |    13 |    33 |     5 ||    64
Armor: Robe              |    29 |    43 |    84 |    11 ||   167
Dodge: Dodged            |    19 |    67 |   252 |    39 ||   377

Table legend:
 A = Spawn XP
 B = Non-spawn XP
 C = Spawn XP percentage of total XP
 D = Spawn monster count
 E = Non-spawn monster count
 F = Spawn count percentage of total count
 G = Total turns spent on level
                    A         B        C        D         E        F      G
               +---------+---------+-------+---------+---------+-------+---------
         Total |       0 |    6620 |   0.0 |       0 |     199 |   0.0 |  6372
               +---------+---------+-------+---------+---------+-------+---------
           D:1 |       0 |      40 |   0.0 |       0 |      25 |   0.0 |   566
           D:2 |       0 |     343 |   0.0 |       0 |      15 |   0.0 |   912
           D:3 |       0 |     352 |   0.0 |       0 |      41 |   0.0 |   789
           D:4 |       0 |     569 |   0.0 |       0 |      24 |   0.0 |   706
           D:5 |       0 |     588 |   0.0 |       0 |      17 |   0.0 |  1060
           D:6 |       0 |     920 |   0.0 |       0 |      24 |   0.0 |   859
           D:7 |       0 |    2143 |   0.0 |       0 |      23 |   0.0 |   634
           D:8 |       0 |    1514 |   0.0 |       0 |      14 |   0.0 |   497
       Ossuary |       0 |     151 |   0.0 |       0 |      16 |   0.0 |   225
               +---------+---------+-------+---------+---------+-------+---------
